[ AOE2 MATCH · #505208000 ]
UnrankedHindustanis vs Teutons
Rival team · LOSS
[ REPLAY ANALYSIS · EXTRACTED FROM THE RECORDED GAME ]
Feudal
8:08
Castle
—
Imperial
—
| APM avg | 101.6 |
| APM peak | 133 |
| eAPM avg | 56.1 |
| Villagers / military | 62 / 56 |
Focus
⚔️ 65.1% · 🌾 34.9%
Scout Cavalry ×56
Feudal
8:52
Castle
23:34
Imperial
—
| APM avg | 45.7 |
| APM peak | 63 |
| eAPM avg | 28.0 |
| Villagers / military | 50 / 29 |
Focus
⚔️ 53.2% · 🌾 46.8%
Spearman ×23 · Scout Cavalry ×6
Match map
Initial resources + every placement click. Lines = walls · curves = elevation contours. ◆ gold · ⬟ stone · ● berries · ✦ relic · ◌ wall gap
Your base· Open — unwalled flank
saps_'s base· Open — 4t gap
Smoothed initial terrain · ◌ = detected wall gap · hover for details
Inputs per minute
— TAG_Mihai06 - - saps_
Build order — TAG_Mihai06
First 150 of 207 actions detected
| 0:00 | Create | Villager (Male) |
| 0:01 | Build | House |
| 0:02 | Build | House |
| 0:03 | Create | Villager (Male) |
| 0:08 | Create | Villager (Male) |
| 0:18 | Create | Villager (Male) |
| 0:59 | Create | Villager (Male) |
| 1:50 | Build | Lumber Camp |
| 1:55 | Create | Villager (Male) |
| 2:11 | Create | Villager (Male) |
| 2:24 | Create | Villager (Male) |
| 3:03 | Create | Villager (Male) |
| 3:37 | Create | Villager (Male) |
| 3:51 | Build | House |
| 3:53 | Create | Villager (Male) |
| 4:21 | Build | Mill |
| 4:24 | Create | Villager (Male) |
| 4:55 | Create | Villager (Male) |
| 5:08 | Create | Villager (Male) |
| 5:59 | Research | Feudal Age |
| 5:59 | Research | Feudal Age |
| 6:10 | Research | Loom |
| 7:01 | Build | Barracks |
| 7:29 | Build | House |
| 7:56 | Create | Villager (Male) |
| 8:08 | Age | Feudal Age |
| 8:11 | Build | Stable |
| 8:21 | Research | Double-Bit Axe |
| 8:42 | Build | House |
| 8:47 | Create | Villager (Male) |
| 8:55 | Create | Scout Cavalry |
| 8:55 | Create | Scout Cavalry |
| 9:08 | Create | Villager (Male) |
| 9:14 | Research | Horse Collar |
| 9:16 | Build | House |
| 9:17 | Build | House |
| 9:33 | Build | Farm |
| 9:36 | Create | Villager (Male) |
| 9:41 | Create | Scout Cavalry |
| 9:55 | Build | Farm |
| 10:11 | Create | Villager (Male) |
| 10:14 | Build | Farm |
| 10:19 | Create | Scout Cavalry |
| 10:27 | Build | House |
| 10:39 | Create | Villager (Male) |
| 10:56 | Build | Farm |
| 10:57 | Create | Villager (Male) |
| 11:07 | Build | Farm |
| 11:08 | Create | Scout Cavalry |
| 11:20 | Create | Villager (Male) |
| 11:27 | Build | Farm |
| 11:34 | Create | Scout Cavalry |
| 11:44 | Build | Farm |
| 11:50 | Create | Villager (Male) |
| 12:10 | Build | Farm |
| 12:12 | Create | Scout Cavalry |
| 12:21 | Create | Villager (Male) |
| 12:33 | Create | Scout Cavalry |
| 12:36 | Build | Farm |
| 12:59 | Create | Villager (Male) |
| 13:04 | Build | Blacksmith |
| 13:10 | Create | Scout Cavalry |
| 13:13 | Create | Villager (Male) |
| 13:22 | Build | House |
| 13:28 | Build | Farm |
| 13:31 | Create | Scout Cavalry |
| 13:35 | Create | Villager (Male) |
| 13:48 | Build | Farm |
| 14:04 | Research | Forging |
| 14:04 | Research | Forging |
| 14:11 | Create | Villager (Male) |
| 14:15 | Build | Farm |
| 14:23 | Create | Scout Cavalry |
| 14:42 | Build | House |
| 14:43 | Build | House |
| 14:49 | Create | Villager (Male) |
| 14:56 | Build | Palisade Wall |
| 15:10 | Create | Scout Cavalry |
| 15:10 | Create | Villager (Male) |
| 15:23 | Build | Farm |
| 15:23 | Build | Farm |
| 15:26 | Create | Villager (Male) |
| 15:43 | Create | Scout Cavalry |
| 16:01 | Create | Villager (Male) |
| 16:10 | Build | Mill |
| 16:11 | Build | Farm |
| 16:11 | Build | Farm |
| 16:11 | Build | Farm |
| 16:13 | Create | Scout Cavalry |
| 16:17 | Build | House |
| 16:20 | Create | Villager (Male) |
| 16:41 | Build | Farm |
| 16:42 | Create | Scout Cavalry |
| 16:45 | Create | Villager (Male) |
| 17:00 | Build | Stable |
| 17:08 | Create | Scout Cavalry |
| 17:09 | Create | Villager (Male) |
| 17:22 | Build | Farm |
| 17:23 | Create | Scout Cavalry |
| 17:29 | Create | Scout Cavalry |
| 17:32 | Build | Farm |
| 17:36 | Create | Villager (Male) |
| 17:46 | Research | Bloodlines |
| 17:50 | Create | Villager (Male) |
| 18:06 | Create | Scout Cavalry |
| 18:06 | Create | Villager (Male) |
| 18:12 | Build | Lumber Camp |
| 18:16 | Build | Farm |
| 18:24 | Create | Scout Cavalry |
| 18:24 | Create | Villager (Male) |
| 18:31 | Build | Farm |
| 18:36 | Research | Scale Barding Armor |
| 18:36 | Research | Scale Barding Armor |
| 18:41 | Build | Watch Tower |
| 18:45 | Build | Watch Tower |
| 18:49 | Build | Farm |
| 18:50 | Create | Villager (Male) |
| 19:01 | Create | Villager (Male) |
| 19:08 | Create | Scout Cavalry |
| 19:14 | Build | Farm |
| 19:15 | Build | Farm |
| 19:17 | Create | Scout Cavalry |
| 19:25 | Build | Farm |
| 19:25 | Create | Villager (Male) |
| 19:27 | Build | House |
| 19:33 | Create | Scout Cavalry |
| 19:45 | Build | Farm |
| 19:46 | Create | Villager (Male) |
| 20:05 | Research | Wheelbarrow |
| 20:16 | Build | House |
| 20:22 | Create | Scout Cavalry |
| 20:22 | Create | Scout Cavalry |
| 20:33 | Build | Mining Camp |
| 20:37 | Build | Mining Camp |
| 20:54 | Create | Scout Cavalry |
| 20:54 | Create | Scout Cavalry |
| 20:54 | Create | Villager (Male) |
| 21:18 | Create | Scout Cavalry |
| 21:18 | Create | Scout Cavalry |
| 21:22 | Build | Stable |
| 21:32 | Create | Villager (Male) |
| 21:41 | Research | Fletching |
| 21:53 | Build | Watch Tower |
| 21:54 | Create | Scout Cavalry |
| 21:57 | Create | Villager (Male) |
| 22:08 | Create | Scout Cavalry |
| 22:23 | Create | Scout Cavalry |
| 22:25 | Create | Villager (Male) |
| 22:37 | Create | Scout Cavalry |
| 22:37 | Create | Scout Cavalry |
Build order — saps_
First 150 of 156 actions detected
| 0:01 | Create | Villager (Male) ×4 |
| 0:02 | Build | House |
| 0:02 | Build | House |
| 1:33 | Create | Villager (Male) |
| 1:50 | Build | Lumber Camp |
| 1:58 | Create | Villager (Male) |
| 2:13 | Create | Villager (Male) |
| 2:46 | Create | Villager (Male) |
| 3:06 | Create | Villager (Male) |
| 3:17 | Build | House |
| 3:20 | Build | Palisade Wall |
| 3:26 | Create | Villager (Male) |
| 3:44 | Create | Villager (Male) |
| 4:04 | Create | Villager (Male) |
| 4:37 | Create | Villager (Male) |
| 4:58 | Create | Villager (Male) |
| 5:22 | Create | Villager (Male) |
| 5:32 | Create | Villager (Male) |
| 5:36 | Build | Mill |
| 5:48 | Research | Loom |
| 6:42 | Research | Feudal Age |
| 6:42 | Research | Feudal Age |
| 7:15 | Build | Barracks |
| 7:39 | Build | House |
| 7:41 | Build | Palisade Wall |
| 7:52 | Build | Palisade Wall |
| 8:52 | Age | Feudal Age |
| 8:54 | Create | Villager (Male) |
| 8:59 | Build | Stable |
| 9:05 | Create | Villager (Male) |
| 9:13 | Create | Spearman |
| 9:26 | Create | Villager (Male) |
| 9:31 | Build | House |
| 9:39 | Create | Scout Cavalry |
| 9:46 | Create | Villager (Male) |
| 9:50 | Research | Horse Collar |
| 9:55 | Research | Double-Bit Axe |
| 10:06 | Create | Spearman |
| 10:11 | Build | Farm |
| 10:12 | Create | Villager (Male) |
| 10:27 | Build | Farm |
| 10:54 | Create | Scout Cavalry |
| 10:56 | Build | Farm |
| 11:02 | Create | Villager (Male) |
| 11:04 | Create | Villager (Male) |
| 11:07 | Build | House |
| 11:13 | Build | Farm |
| 11:14 | Build | Farm |
| 11:21 | Create | Villager (Male) |
| 11:23 | Build | Farm |
| 11:31 | Build | Palisade Wall |
| 11:39 | Create | Villager (Male) |
| 11:42 | Build | Farm |
| 11:56 | Create | Villager (Male) |
| 11:57 | Build | Farm |
| 12:18 | Build | Palisade Wall |
| 12:20 | Build | Palisade Wall |
| 12:27 | Create | Scout Cavalry |
| 12:28 | Create | Villager (Male) |
| 12:29 | Create | Spearman |
| 12:36 | Build | Farm |
| 12:43 | Create | Scout Cavalry |
| 12:46 | Build | Farm |
| 12:55 | Create | Spearman |
| 13:04 | Build | House |
| 13:08 | Create | Villager (Male) |
| 13:11 | Build | House |
| 13:14 | Build | House |
| 13:22 | Create | Spearman |
| 13:35 | Create | Villager (Male) |
| 13:40 | Build | Farm |
| 13:49 | Build | Farm |
| 14:15 | Create | Villager (Male) |
| 14:19 | Build | Mining Camp |
| 14:20 | Create | Villager (Male) |
| 14:22 | Build | House |
| 14:28 | Create | Scout Cavalry |
| 14:29 | Create | Scout Cavalry |
| 14:37 | Build | Farm |
| 14:40 | Build | Palisade Gate |
| 15:05 | Create | Villager (Male) |
| 15:32 | Create | Villager (Male) |
| 15:37 | Build | Mining Camp |
| 15:45 | Create | Spearman |
| 15:45 | Create | Spearman |
| 15:46 | Create | Spearman |
| 16:10 | Create | Spearman |
| 16:10 | Create | Spearman |
| 16:10 | Create | Spearman |
| 16:11 | Create | Villager (Male) |
| 16:11 | Create | Villager (Male) |
| 16:17 | Build | Palisade Wall |
| 16:33 | Build | Palisade Wall |
| 16:34 | Build | Palisade Wall |
| 16:37 | Build | Palisade Wall |
| 16:46 | Create | Villager (Male) |
| 16:54 | Create | Spearman |
| 17:00 | Create | Villager (Male) |
| 17:09 | Build | Palisade Wall |
| 17:11 | Build | Palisade Wall |
| 17:13 | Build | Palisade Wall |
| 17:15 | Build | Palisade Wall |
| 17:25 | Create | Spearman |
| 17:31 | Build | Blacksmith |
| 17:39 | Create | Villager (Male) |
| 18:11 | Create | Villager (Male) |
| 18:17 | Build | Palisade Gate |
| 18:22 | Build | House |
| 18:24 | Build | House |
| 18:37 | Create | Villager (Male) |
| 18:45 | Build | Palisade Wall |
| 18:57 | Create | Villager (Male) |
| 19:05 | Build | Farm |
| 19:07 | Create | Spearman |
| 19:07 | Create | Spearman |
| 19:17 | Create | Spearman |
| 19:54 | Create | Villager (Male) |
| 19:58 | Build | Market |
| 20:34 | Create | Spearman |
| 20:38 | Build | House |
| 20:39 | Build | House |
| 20:43 | Build | House |
| 20:54 | Research | Castle Age |
| 21:01 | Build | Farm |
| 21:02 | Build | Farm |
| 21:02 | Build | Farm |
| 21:05 | Build | Palisade Wall |
| 21:11 | Create | Spearman |
| 21:12 | Create | Spearman |
| 21:50 | Create | Spearman |
| 22:02 | Research | Scale Mail Armor |
| 22:24 | Build | Palisade Gate |
| 22:42 | Create | Spearman |
| 22:42 | Create | Spearman |
| 22:53 | Build | Mining Camp |
| 22:56 | Build | Mining Camp |
| 22:59 | Build | House |
| 23:03 | Create | Spearman |
| 23:22 | Build | House |
| 23:23 | Build | House |
| 23:26 | Build | House |
| 23:27 | Build | House |
| 23:28 | Build | House |
| 23:34 | Age | Castle Age |
| 23:36 | Create | Villager (Male) |
| 23:40 | Build | Castle |
| 23:45 | Build | Palisade Gate |
| 24:02 | Create | Villager (Male) |
| 24:03 | Create | Villager (Male) |
| 24:22 | Create | Villager (Male) |
Match timeline
| 3:20 | saps_ · wall_segment Palisade Wall x2 |
| 7:01 | TAG_Mihai06 · first_building Barracks |
| 7:15 | saps_ · first_building Barracks |
| 7:41 | saps_ · wall_segment Palisade Wall x5 |
| 7:52 | saps_ · wall_segment Palisade Wall x6 |
| 8:08 | TAG_Mihai06 · age_up feudal |
| 8:11 | TAG_Mihai06 · first_building Stable |
| 8:52 | saps_ · age_up feudal |
| 8:59 | saps_ · first_building Stable |
| 11:31 | saps_ · wall_segment Palisade Wall x1 |
| 12:18 | saps_ · wall_segment Palisade Wall x1 |
| 12:20 | saps_ · wall_segment Palisade Wall x1 |
| 14:56 | TAG_Mihai06 · wall_segment Palisade Wall x13 |
| 16:17 | saps_ · wall_segment Palisade Wall x16 |
| 16:33 | saps_ · wall_segment Palisade Wall x1 |
| 16:34 | saps_ · wall_segment Palisade Wall x1 |
| 16:37 | saps_ · wall_segment Palisade Wall x1 |
| 17:09 | saps_ · wall_segment Palisade Wall x1 |
| 17:11 | saps_ · wall_segment Palisade Wall x1 |
| 17:13 | saps_ · wall_segment Palisade Wall x1 |
| 17:15 | saps_ · wall_segment Palisade Wall x1 |
| 18:45 | saps_ · wall_segment Palisade Wall x1 |
| 21:05 | saps_ · wall_segment Palisade Wall x1 |
| 22:47 | saps_ · first_market_buy 100 stone |
| 23:34 | saps_ · age_up castle |
| 23:40 | saps_ · first_building Castle |
| 26:49 | saps_ · resign |
[ AI ANALYSIS · 1 CREDIT ]
What really happened in this match?
Wolo.gg analyzes every decision: build order, eco, micro, common mistakes by bracket. Personalized analysis on WhatsApp or Discord in 30 seconds.
Civ guide
Hindustanis
Perfil
Jugador #288714